 Dungeon Crawl Stone Soup version 0.29-a0-121-g8efb068a30 (webtiles) character file.

Game seed: 1054429405571035146

334 Grim the Conjurer (level 6, -6/32 HPs)
             Began as a Deep Elf Conjurer on Feb 20, 2022.
             Mangled by a wyvern zombie (12 damage)
             ... on level 4 of the Dungeon.
             The game lasted 00:10:43 (4747 turns).

Grim the Conjurer (Deep Elf Conjurer)               Turns: 4747, Time: 00:10:43

Health: -6/32      AC:  4    Str: 12    XL:     6   Next: 27%
Magic:  0/12       EV: 12    Int: 23    God:
Gold:   269        SH:  0    Dex: 13    Spells: 1/11 levels left

rFire   . . .      SeeInvis .   h - staff of air
rCold   . . .      Faith    .   s - orb {light}
rNeg    . . .      Spirit   .   m - +1 animal skin
rPois   .          Reflect  .   n - +0 helmet
rElec   +          Harm     .   (no cloak)
rCorr   .          Rampage  .   (no gloves)
Will    .....                   (no boots)
Stlth   +.........              (no amulet)
HPRegen 0.10/turn               i - +6 ring of strength
MPRegen 0.13/turn               (no ring)

@: glowing
A: no striking features
a: no special abilities


You were on level 4 of the Dungeon.
You visited 1 branch of the dungeon, and saw 4 of its levels.

You collected 269 gold pieces.

Inventory:

Hand Weapons
 e - a +0 short sword
Missiles
 c - 13 poisoned darts
 d - 322 stones
 r - 4 datura-tipped darts
Armour
 a - a +0 robe
 m - a +1 animal skin (worn)
 n - a +0 helmet (worn)
 s - an orb of light (worn)
Magical Staves
 h - a staff of air (weapon)
Jewellery
 i - a +6 ring of strength (left hand)
Wands
 q - a wand of iceblast (11)
Scrolls
 b - a scroll of noise {unknown}
 g - a scroll of acquirement {unknown}
 j - a scroll of fear {unknown}
 p - a scroll of holy word {unknown}
Potions
 f - a potion of brilliance
 k - a potion of cancellation
 l - a potion of might


   Skills:
 - Level 1.5 Staves
 - Level 2.4 Dodging
 - Level 2.4 Stealth
 - Level 3.0 Spellcasting
 * Level 7.5 Conjurations
 + Level 3.3 Hexes


You had one spell level left.
You knew the following spells:

 Your Spells              Type           Power      Damage    Failure   Level
a - Magic Dart            Conj           100%       1d8       1%          1
b - Searing Ray           Conj           74%        2d7       1%          2
c - Dazzling Flash        Conj/Hex       56%        N/A       3%          3
d - Fulminant Prism       Conj/Hex       14%        3d9       13%         4

Your spell library contained the following spells:

 Spells                   Type           Power      Damage    Failure   Level
 Iskenderun's Mystic Bla  Conj/Tloc      20%        2d6       24%         4


Dungeon Overview and Level Annotations

Branches:
Dungeon (4/15)
 Temple: D:4-7

Altars:

Shops:
D:3 (


Message History

The searing ray hits the wyvern zombie!
The wyvern zombie is severely damaged.
You finish channelling your searing ray.
The wyvern zombie bites you!
* * * LOW HITPOINT WARNING * * *
Your Hexes skill increases to level 3!
You have reached level 6!
Casting: Searing Ray (safe; 1% risk of failure)
Confirm with . or Enter, or press ? or * to list all spells.
Aiming: Magic Dart (safe; 1% risk of failure)
Press: ? - help, Shift-Dir - straight line The magic dart hits the wyvern zombie but does no damage.
The wyvern zombie is severely damaged.
The wyvern zombie bites you!
* * * LOW HITPOINT WARNING * * *
Unknown command.
Casting: Magic Dart (safe; 1% risk of failure)
Confirm with . or Enter, or press ? or * to list all spells.
Aiming: Searing Ray (safe; 1% risk of failure)
Press: ? - help, Shift-Dir - straight line
Okay, then.
Unknown command.
Unknown command.
Unknown command.
Okay, then.
Okay, then.
Casting: Searing Ray (safe; 1% risk of failure)
Confirm with . or Enter, or press ? or * to list all spells.
Aiming: Searing Ray (safe; 1% risk of failure)
Press: ? - help, Shift-Dir - straight line The searing ray hits the wyvern zombie!
The wyvern zombie is almost destroyed. (Press . to maintain the ray.)
The wyvern zombie barely misses you.
The searing ray hits the wyvern zombie!
The wyvern zombie is almost destroyed.
The wyvern zombie barely misses you.
Without enough magic to sustain it, your searing ray dissipates.
The wyvern zombie bites you!
You die...

###.†.......#
##..##..#....######
#.###.#..#........#
####.#.#........#.#####.#
##.....#...#..........
###......[Z.#.#####..
....#....####.#
###.#...#.####.#
#.#..#.....@Z.#
).#........#####
###.........# ####.#...#
..... .. .


You could see a wyvern zombie.

Vanquished Creatures
  A water moccasin (D:4)
  Robin (D:1)
  5 gnolls (D:3)
  3 adders
  A worm (D:2)
  9 bats
  8 endoplasms
  5 giant cockroaches
  30 hobgoblins
  2 quokkas
  4 ball pythons
  6 frilled lizards
  32 goblins
  7 kobolds
  3 rats (D:1)
  A spectral hobgoblin (D:2)
118 creatures vanquished.

Vanquished Creatures (others)
  A ball python (D:3)
  A fulminant prism (D:3)
  2 plants (D:2)
4 creatures vanquished.

Grand Total: 122 creatures vanquished

Notes
Turn   | Place    | Note
-------+----------+-------------------------------------------
     0 | D:1      | Grim the Deep Elf Conjurer began the quest for the Orb.
     0 | D:1      | Reached XP level 1. HP: 10/10 MP: 6/6
   434 | D:1      | Reached XP level 2. HP: 15/15 MP: 8/8
   582 | D:1      | Reached skill level 5 in Conjurations
   831 | D:2      | Found a faded altar of an unknown god.
  1096 | D:2      | Reached XP level 3. HP: 19/19 MP: 4/9
  1099 | D:2      | Learned a level 2 spell: Searing Ray
  1149 | D:2      | Learned a level 3 spell: Dazzling Flash
  1335 | D:2      | Reached skill level 1 in Staves
  1947 | D:2      | Noticed Robin
  2118 | D:1      | Killed Robin
  2119 | D:1      | Reached XP level 4. HP: 8/24 MP: 0/10
  2345 | D:2      | Reached skill level 6 in Conjurations
  3116 | D:3      | Reached skill level 1 in Hexes
  3254 | D:3      | Reached XP level 5. HP: 14/28 MP: 1/11
  3409 | D:3      | Learned a level 4 spell: Fulminant Prism
  3574 | D:3      | Found Winoapt's Antique Weapon Shop.
  4716 | D:4      | Reached skill level 7 in Conjurations
  4726 | D:4      | Noticed a water moccasin
  4743 | D:4      | Killed a water moccasin
  4744 | D:4      | Reached XP level 6. HP: 19/32 MP: 3/12
  4747 | D:4      | Mangled by a wyvern zombie

Illustrated notes

Levels and vault maps discovered:
D:1:      minmay_arrival_doors, layout_basic
D:2:      layout_rooms, dreamdust_ecumenical_altar_drowned_temple,
          kennysheep_doodads, chequers_serial_rivers_small_b,
          grunt_ministairs_1, serial_bayou_lagoon_a, uniq_robin
D:3:      minmay_goblin_kobold_castle, layout_rooms, serial_shops,
          shop_fountains
D:4:      layout_loops_cross, minmay_temple_entry_waves,
          minmay_increasing_density

Skill      XL: |  1  2  3  4  5 |
---------------+----------------+-----
Conjurations   | 5 6 7 |  7.5
Staves         | 1 |  1.5
Hexes          | 1 3 |  3.3
Dodging        | |  2.4
Stealth        | |  2.4
Spellcasting   | |  3.0

Action                   |  1- 3 |  4- 6 || total
-------------------------+-------+-------++-------
Melee: Short sword       |     7 |       ||     7
       Staff             |     2 |    27 ||    29
 Cast: Magic Dart        |    70 |   100 ||   170
       Searing Ray       |     2 |    10 ||    12
       Dazzling Flash    |       |     1 ||     1
       Fulminant Prism   |       |     1 ||     1
  Use: Scroll            |       |     3 ||     3
 Stab: Sleeping          |     1 |     1 ||     2
       Invisible         |       |     2 ||     2
Armor: Robe              |     8 |       ||     8
       Animal skin       |       |    24 ||    24
Dodge: Dodged            |    21 |    51 ||    72

Table legend: (Time is in decaauts)
 A = Elapsed time spent in this place.
 B = Non-inter-level travel time spent in this place.
 C = Inter-level travel time spent in this place.
 D = Time resting spent in this place.
 E = Time spent auto-exploring this place.
 F = Levels seen in this place.
 G = Mean time per level.
                   A        B        C        D        E       F      G
               +--------+--------+--------+--------+--------+-----+--------+
         Total |   4783 |   4713 |     70 |   1723 |   2308 |   4 | 1195.8 |
       Dungeon |   4783 |   4713 |     70 |   1723 |   2308 |   4 | 1195.8 |
               +--------+--------+--------+--------+--------+-----+--------+

Top non-repeatable levels by time:
     D:3: 2076 daAuts
     D:2: 1457 daAuts
     D:1: 1165 daAuts
     D:4: 85 daAuts
